 Dungeon Crawl Stone Soup version 0.31-a0-1620-gcbf77bbcfc (webtiles) character file.

Game seed: 18084137134630157658

10012 Trezzon the Blocker (level 11, -7/94 HPs)
             Began as a Troll Fighter on Jan 10, 2024.
             Was an Elder of Hepliaklqana.
             Mangled by a five-headed hydra (12 damage)
             ... on level 8 of the Dungeon on Jan 11, 2024.
             The game lasted 01:09:52 (9705 turns).

Trezzon the Blocker (Troll Fighter)                 Turns: 9705, Time: 01:09:53

Health: -7/94      AC: 11    Str: 26    XL:     11   Next: 30%
Magic:  10/10      EV: 12    Int:  6    God:    Hepliaklqana [****..]
Gold:   495        SH: 17    Dex: 17    Spells: 10/10 levels left

rFire   . . .        p - +3 trident (drain)
rCold   . . .        b - +1 kite shield
rNeg    . . .        R - +0 steam dragon scales
rPois   .            (helmet restricted)
rElec   .            (no cloak)
rCorr   .            (gloves unavailable)
SInv    .            (boots unavailable)
Will    .....        D - amulet of reflection
Stlth   +++          W - +4 ring of protection
HPRegen 1.15/turn    E - +6 ring of dexterity
MPRegen 0.12/turn

%: reflection
@: about to teleport
A: reduced essence, large, unfitting armour, claws 3, regeneration 1, shaggy fur
1, tough skin 1
a: Renounce Religion, Recall Ancestor, Ancestor Identity, Transference, Idealise


You were on level 8 of the Dungeon.
You worshipped Hepliaklqana.
Hepliaklqana was greatly pleased with you.
You visited 2 branches of the dungeon, and saw 9 of its levels.

You collected 495 gold pieces.

Inventory:

Hand Weapons
 h - a +0 club
 m - a +3 short sword
 n - a +0 executioner's axe
 o - a +3 morningstar
 p - a +3 trident of draining (weapon)
 r - a +1 war axe of freezing
 v - a +0 mace of chaos
 M - a +2 spectral long sword
 S - a +3 dagger
Missiles
 l - 6 curare-tipped darts
Armour
 a - a +0 robe
 b - a +1 kite shield (worn)
 c - a +0 pair of gloves
 e - a +0 robe
 j - the +8 ring mail of the Desert {*Corrode +Blink Str+4}
   (You found it on level 1 of the Lair of Beasts)

   Str+4:     It affects your strength (+4).
   +Blink:    It lets you blink.
   *Corrode:  It may corrode you when you take damage.
 k - a +0 scale mail
 w - an orb of guile
 I - a scarf of shadows
 J - a +0 helmet
 K - +0 acid dragon scales
 L - a +1 robe of cold resistance
 R - +0 steam dragon scales (worn)
 V - a +3 ring mail
Magical Staves
 q - a staff of fire
Jewellery
 D - an amulet of reflection (around neck)
 E - a +6 ring of dexterity (right claw)
 W - a +4 ring of protection (left claw)
 Y - an amulet of guardian spirit
Talismans
 H - a blade talisman
Wands
 y - a wand of charming (24)
 C - a wand of iceblast (2)
 O - a wand of light (12)
 Q - a wand of mindburst (6)
 T - a wand of flame (12)
Scrolls
 d - 2 scrolls of amnesia
 i - 2 scrolls of blinking
 s - a scroll of identify
 t - a scroll of enchant armour
 u - a scroll of vulnerability {unknown}
 A - a scroll of poison
 B - 3 scrolls of torment {unknown}
 F - a scroll of revelation
 N - a scroll of fog
 P - a scroll of enchant weapon
Potions
 f - 2 potions of degeneration
 x - a potion of mutation {unknown}
 z - a potion of enlightenment
 G - a potion of magic
 U - a potion of attraction
 X - a potion of haste {unknown}


   Skills:
 + Level 6.1 Fighting
 + Level 1.0 Long Blades
 + Level 6.5(7.4) Axes
 + Level 5.3(6.8) Polearms
 + Level 2.5 Throwing
 + Level 6.4 Dodging
 + Level 3.4 Stealth
 + Level 8.4 Shields
 + Level 2.6 Unarmed Combat


You had 10 spell levels left.
You didn't know any spells.
Your spell library contained the following spells:

 Spells                   Type           Power      Damage    Failure   Level
 Kiss of Death            Conj/Necr      0%         2d5       65%         1
 Ensorcelled Hibernation  Hex/Ice        0%         N/A       78%         2
 Confusing Touch          Hex            0%         N/A       95%         3
 Dazzling Flash           Conj/Hex       0%         N/A       95%         3
 Passwall                 Erth           0%         N/A       95%         3
 Summon Ice Beast         Ice/Summ       0%         N/A       95%         3
 Swiftness                Air            0%         N/A       95%         3
 Volatile Blastmotes      Fire/Tloc      0%         2d10      95%         3
 Dispel Undead            Necr           0%         3d6       100%        4
 Summon Mana Viper        Hex/Summ       0%         N/A       100%        5
 Starburst                Conj/Fire      0%         6d3       100%        6
 Monstrous Menagerie      Summ           0%         N/A       100%        7
 Maxwell's Capacitive Co  Air            0%         ∞         100%        8


Dungeon Overview and Level Annotations

Branches:
Dungeon (8/15)             Temple (0/1) D:5            Lair (1/5) D:8

Altars:
Elyvilon
Gozag
Hepliaklqana
Makhleb
Sif Muna
Trog
Vehumet
Zin
The Shining One


Innate Abilities, Weirdness & Mutations

Your life essence is reduced to manifest your ancestor. (-10% HP)
You are too large for most types of armour.
You have claws for hands.
Your natural rate of healing is unusually fast.
You are covered in fur. (AC +1)
You have tough skin. (AC +1)


Message History

The five-headed hydra bites you.
* * * LOW HITPOINT WARNING * * *
You block the five-headed hydra's attack. x2
You block the five-headed hydra's attack.
The five-headed hydra barely misses you. x2
The five-headed hydra completely misses you.
The five-headed hydra bites you but does no damage.
The five-headed hydra attacks as it pursues you!
The five-headed hydra bites you!
* * * LOW HITPOINT WARNING * * *
You block the five-headed hydra's attack. x2
The five-headed hydra barely misses you.
The five-headed hydra bites you but does no damage.
The five-headed hydra attacks as it pursues you!
The five-headed hydra closely misses you.
The five-headed hydra bites you but does no damage.
The five-headed hydra misses you.
The five-headed hydra bites you but does no damage.
You block the five-headed hydra's attack.
You block the five-headed hydra's attack.
The five-headed hydra closely misses you.
The five-headed hydra bites you!
* * * LOW HITPOINT WARNING * * *
The five-headed hydra bites you but does no damage.
You block the five-headed hydra's attack.
There is a staircase back to the Dungeon, spattered with blood here.
You block the five-headed hydra's attack. x2
The five-headed hydra bites you but does no damage.
You block the five-headed hydra's attack.
The five-headed hydra bites you.
* * * LOW HITPOINT WARNING * * *
You climb upwards.
Welcome back to the Dungeon!
There is a staircase to the Lair here.
As you read the scroll of teleportation, it crumbles to dust.
You feel strangely unstable.
The five-headed hydra closely misses you.
The five-headed hydra barely misses you.
You block the five-headed hydra's attack.
The five-headed hydra bites you!
You die...

..(...# #...##..#.##.#..###.
......### ###.........#.........
........## #.....................
#######..###...........)........#
##..##.........#.#[....[..#
##.##....#......#.......)#
#.............##).......#
###....[D....###..[.....#
##......@....###.........
#..#......#..##..#######.
#......##...###.##### ##
######.##..........)[....# #
#......##........#.......# #
#####....................# #
######...##.##.......# #
###.##..........# #
#.............# #


You could see a five-headed hydra.

Vanquished Creatures
  A two-headed ogre (D:8)
  A deep elf pyromancer (D:7)
  A black mamba (Lair:1)
  A torpor snail (Lair:1)
  A gargoyle (D:7)
  4 yaks
  A wyvern (D:8)
  A steam dragon (D:7)
  7 water moccasins
  2 black bears
  2 sky beasts (D:7)
  An ogre (D:5)
  A centaur (D:7)
  2 bullfrogs
  A killer bee (D:8)
  2 electric eels (Lair:1)
  3 howler monkeys
  2 jellies
  A hound (D:7)
  2 sleepcaps
  An iguana (D:4)
  A hell rat (D:8)
  7 gnolls
  3 adders
  A shadow imp (D:7)
  2 white imps (D:6)
  2 ufetubi (D:6)
  3 dart slugs
  A ribbon worm (D:2)
  5 orcs
  10 endoplasms
  7 giant cockroaches
  3 goblins
  5 hobgoblins
  A jackal (D:5)
  5 kobolds
  2 quokkas (D:1)
  7 ball pythons
  2 bats (D:1)
  2 frilled lizards
  A goblin skeleton (D:4)
  A hobgoblin zombie (D:4)
  An orc skeleton (D:4)
  An orc zombie (D:4)
  7 rats
118 creatures vanquished.

Vanquished Creatures (collateral kills)
  A two-headed ogre (D:7)
  3 death yaks (D:8)
  A black mamba (Lair:1)
  A gargoyle (D:7)
  A cane toad (Lair:1)
  Jeremiah (D:7)
  2 yaks (Lair:1)
  An acid dragon (D:8)
  2 water moccasins (Lair:1)
  An ogre (D:5)
  A phantom (D:6)
  A bullfrog (Lair:1)
  A gnoll sergeant (D:8)
  4 wights (D:8)
  2 killer bees (D:8)
  An electric eel (Lair:1)
  3 howler monkeys (D:8)
  3 hounds
  A jelly (D:4)
  2 orc priests
  2 iguanas (D:5)
  2 orc wizards (D:7)
  2 hell rats (D:8)
  4 gnolls
  An adder (D:2)
  3 river rats (D:8)
  A shadow imp (D:5)
  A white imp (D:4)
  An ufetubus (D:7)
  7 orcs
  2 endoplasms
  A quokka (D:8)
  A frilled lizard (D:2)
  3 goblins
  2 kobolds
  A kobold zombie (D:4)
  An orc skeleton (D:4)
  2 orc zombies (D:4)
  A rat (D:8)
71 creatures vanquished.

Vanquished Creatures (others)
  7 battlemagi
  3 ancestors
10 creatures vanquished.

Grand Total: 199 creatures vanquished

Notes
Turn   | Place    | Note
-------+----------+-------------------------------------------
     0 | D:1      | Trezzon the Troll Fighter began the quest for the Orb.
     0 | D:1      | Reached XP level 1. HP: 22/22 MP: 0/0
   183 | D:1      | Reached XP level 2. HP: 29/29 MP: 1/1
   388 | D:1      | You fall into a shaft and drop 1 floor!
   638 | D:2      | Found a faded altar of an unknown god.
   643 | D:2      | Prayed at the altar of an unknown god.
   643 | D:2      | Became a worshipper of Hepliaklqana the Forgotten
   643 | D:2      | Reached * piety under Hepliaklqana
   850 | D:2      | Reached skill level 3 in Shields
   852 | D:2      | Reached XP level 3. HP: 32/32 MP: 2/2
   862 | D:2      | Found a radiant altar of Vehumet.
  1854 | D:1      | Reached XP level 4. HP: 38/39 MP: 3/3
  1946 | D:1      | Reached skill level 1 in Axes
  2478 | D:3      | Reached ** piety under Hepliaklqana
  3133 | D:4      | Found a glowing golden altar of the Shining One.
  3371 | D:4      | Reached XP level 5. HP: 44/47 MP: 4/4
  3481 | D:4      | Noticed a black bear
  3830 | D:4      | Killed a black bear
  3831 | D:4      | Reached skill level 1 in Stealth
  3831 | D:4      | Reached XP level 6. HP: 54/54 MP: 5/5
  3947 | D:5      | Entered Level 5 of the Dungeon
  3984 | D:5      | Reached XP level 7. HP: 31/60 MP: 6/6
  4135 | D:5      | Reached skill level 4 in Shields
  4510 | D:5      | Reached *** piety under Hepliaklqana
  4524 | D:5      | Found a staircase to the Ecumenical Temple.
  4595 | D:5      | Found a bloodstained altar of Trog.
  4595 | D:5      | Found a burning altar of Makhleb.
  4595 | D:5      | Found a glowing silver altar of Zin.
  4595 | D:5      | Found a white marble altar of Elyvilon.
  4609 | D:5      | Found an opulent altar of Gozag.
  4609 | D:5      | Found a shimmering blue altar of Sif Muna.
  4848 | D:6      | Reached XP level 8. HP: 70/70 MP: 7/7
  4967 | D:6      | Reached skill level 5 in Axes
  5281 | D:6      | Reached skill level 5 in Shields
  5617 | D:6      | Upgraded the game from 0.31-a0-1616-gbeaec30b81 to
                  | 0.31-a0-1620-gcbf77bbcfc
  5676 | D:6      | Remembered your ancestor Lufti as a battlemage
  5893 | D:7      | Noticed Jeremiah
  5927 | D:7      | Killed Jeremiah
  5928 | D:7      | Reached skill level 1 in Throwing
  6351 | D:7      | Noticed a deep elf pyromancer
  6379 | D:7      | Noticed a gargoyle
  6413 | D:7      | Killed a gargoyle
  6414 | D:7      | Reached XP level 9. HP: 76/76 MP: 8/8
  6502 | D:7      | Killed a deep elf pyromancer
  6503 | D:7      | Reached skill level 6 in Shields
  6558 | D:7      | Noticed a gargoyle
  6567 | D:7      | Killed a gargoyle
  6568 | D:7      | Reached skill level 1 in Polearms
  7268 | D:7      | Noticed a two-headed ogre
  7306 | D:7      | Reached skill level 5 in Dodging
  7324 | D:7      | Killed a two-headed ogre
  7325 | D:7      | Reached skill level 5 in Fighting
  7325 | D:7      | Reached XP level 10. HP: 81/86 MP: 9/9
  7582 | D:8      | Noticed a two-headed ogre
  7592 | D:8      | Killed a two-headed ogre
  7641 | D:8      | Found a staircase to the Lair.
  7663 | D:8      | Noticed a death yak
  7663 | D:8      | Noticed a death yak
  7663 | D:8      | Noticed a death yak
  7983 | D:8      | Reached skill level 7 in Shields
  8171 | D:8      | Killed a death yak
  8175 | D:8      | Killed a death yak
  8226 | D:8      | Killed a death yak
  8227 | D:8      | Reached skill level 5 in Polearms
  8633 | Lair:1   | Entered Level 1 of the Lair of Beasts
  8682 | Lair:1   | Noticed a torpor snail
  8896 | Lair:1   | Killed a torpor snail
  8897 | Lair:1   | Reached XP level 11. HP: 59/94 MP: 10/10
  8943 | Lair:1   | Reached **** piety under Hepliaklqana
  9196 | Lair:1   | Reached skill level 8 in Shields
  9217 | Lair:1   | Reached skill level 1 in Long Blades
  9393 | Lair:1   | Identified the +8 ring mail of the Desert {*Corrode +Blink
                  | Str+4}
  9587 | Lair:1   | Noticed a five-headed hydra
  9702 | Lair:1   | HP: 4/94 [five-headed hydra (10)]
  9705 | D:8      | Mangled by a five-headed hydra

Illustrated notes

Levels and vault maps discovered:
D:1:      enne_arrival_octagon_isle, layout_loops_cross
D:2:      minmay_chambers_of_ones, layout_basic,
          hellmonk_ecumenical_altar_leap_of_faith, basic_altar
D:3:      layout_basic
D:4:      layout_basic, nicolae_tso_besieged_by_evil
D:5:      layout_rooms, minmay_overflow_temple_hex,
          minmay_temple_entry_antechambers, kennysheep_generic_room_2
D:6:      layout_loops_ring
D:7:      minmay_chambers_of_fours, layout_rooms, wad_mini_maze, uniq_jeremiah
D:8:      layout_rooms, dpeg_lair_monsters
Lair:1:   cheibrodos_lair_river_kwai, layout_long_grid, serial_bayou_shore_a

Skill      XL: |  1  2  3  4  5  6  7  8  9 10 11 |
---------------+----------------------------------+-----
Shields        | 3 4 5 6 7 8 |  8.4
Dodging        | 3 4 5 6 |  6.4
Axes           | 1 2 3 4 5 6 |  6.5
Fighting       | 3 4 5 6 |  6.1
Stealth        | 1 2 3 |  3.4
Throwing       | 1 2 |  2.5
Polearms       | 2 5 |  5.3
Long Blades    | 1 |  1.0
Unarmed Combat | |  2.6

Action                     |  1- 3 |  4- 6 |  7- 9 | 10-12 || total
---------------------------+-------+-------+-------+-------++-------
  Melee: Unarmed           |    46 |       |       |       ||    46
         War axe           |    44 |    63 |    84 |       ||   191
         Trident           |       |       |    26 |   112 ||   138
         Long sword        |       |       |       |    27 ||    27
  Throw: Stone             |     2 |     5 |     9 |     4 ||    20
         Large rock        |       |       |       |     5 ||     5
 Invoke: Recall Ancestor   |       |     1 |     1 |       ||     2
         Ancestor Identity |       |     1 |     1 |       ||     2
         Ancestor Life: Ba |       |       |     1 |       ||     1
         Transference      |       |       |       |     1 ||     1
    Use: Potion            |       |     1 |       |     6 ||     7
         Scroll            |       |       |    11 |    12 ||    23
   Stab: Sleeping          |     1 |     3 |       |       ||     4
         Distracted        |       |     2 |     1 |     2 ||     5
 Armour: Robe              |    58 |    48 |    58 |       ||   164
         Steam dragon scal |       |       |       |   184 ||   184
  Dodge: Dodged            |    43 |    32 |    38 |   104 ||   217
  Block: Kite shield       |    40 |    59 |   119 |   251 ||   469
         Reflection        |       |     2 |     6 |       ||     8

Table legend: (Time is in decaauts)
 A = Elapsed time spent in this place.
 B = Non-inter-level travel time spent in this place.
 C = Inter-level travel time spent in this place.
 D = Time resting spent in this place.
 E = Time spent auto-exploring this place.
 F = Levels seen in this place.
 G = Mean time per level.
                   A        B        C        D        E       F      G
               +--------+--------+--------+--------+--------+-----+--------+
         Total |   9850 |   7544 |   2306 |    772 |      0 |   9 | 1094.4 |
       Dungeon |   8931 |   6710 |   2221 |    663 |      0 |   8 | 1116.4 |
          Lair |    919 |    834 |     85 |    109 |      0 |   1 |  919.0 |
               +--------+--------+--------+--------+--------+-----+--------+

Top non-repeatable levels by time:
     D:7: 1804 daAuts
     D:2: 1610 daAuts
     D:8: 1247 daAuts
     D:6: 1017 daAuts
  Lair:1: 919 daAuts
     D:4: 875 daAuts
     D:5: 856 daAuts
     D:1: 852 daAuts
     D:3: 668 daAuts
